 Dungeon Crawl Stone Soup version 0.26.0-10-g1f06aea511 (webtiles) character file.

Game seed: 11497490989188537881

12095 night the Severer (level 11, -20/102 HPs)
             Began as a Hill Orc Fighter on Jan 22, 2021.
             Was a High Priest of Cheibriados.
             Killed from afar by a wizard (34 damage)
             ... with a bolt of cold
             ... on level 10 of the Dungeon.
             The game lasted 00:23:53 (10924 turns).

night the Severer (Hill Orc Fighter)               Turns: 10924, Time: 00:23:53

Health: -20/102    AC: 16    Str: 35    XL:     11   Next: 88%
Magic:  3/18       EV:  6    Int: 22    God:    Cheibriados [*****.]
Gold:   366        SH: 12    Dex: 23    Spells: 19/19 levels left

rFire    . . .     SeeInvis .   a - +3 war axe (drain)
rCold    . . .     Faith    .   c - +0 kite shield
rNeg     . . .     Spirit   .   N - +3 chain mail
rPois    .         Reflect  .   L - +2 hat
rElec    .         Harm     .   A - +1 cloak
rCorr    .         Rampage  .   (no gloves)
Will     .....                  (no boots)
Stlth    ..........             (no amulet)
HPRegen  0.27/turn              (no ring)
MPRegen  0.16/turn              (no ring)

@: studying Necromancy, very slow
A: no striking features
a: Renounce Religion, Bend Time, Temporal Distortion, Slouch, Step From Time


You were on level 10 of the Dungeon.
You worshipped Cheibriados.
Cheibriados was extremely pleased with you.
You visited 1 branch of the dungeon, and saw 12 of its levels.
You also visited: Ossuary.

You collected 715 gold pieces.
You spent 349 gold pieces at shops.

Inventory:

Hand Weapons
 a - a +3 war axe of draining (weapon)
Missiles
 s - 231 stones
 C - 4 javelins
 D - 9 boomerangs (quivered)
 K - 6 boomerangs of dispersal
 O - 8 atropa-tipped darts
Armour
 b - a +0 scale mail
 c - a +0 kite shield (worn)
 r - a +0 helmet
 A - a +1 cloak (worn)
 F - a +0 plate armour
 L - a +2 hat (worn)
 N - a +3 chain mail (worn)
Jewellery
 m - an uncursed ring of willpower
 n - a +4 ring of evasion {unknown}
 x - a +6 ring of dexterity {unknown}
 E - a cursed ring of attention {unknown}
Wands
 G - a wand of acid (12)
 J - a wand of paralysis (6)
 P - a wand of digging (5)
Scrolls
 e - 7 scrolls of teleportation
 f - a scroll of random uselessness
 q - a scroll of enchant armour
 t - 2 scrolls of enchant weapon
 w - 4 scrolls of fear
 y - 7 scrolls of remove curse
 H - a scroll of fog
 M - a scroll of blinking
 Q - a scroll of identify
Potions
 d - a potion of might
 g - 2 potions of attraction {unknown}
 h - 2 potions of resistance {unknown}
 i - a potion of mutation {unknown}
 j - 4 potions of magic
 k - 3 potions of lignification
 l - 5 potions of degeneration
 o - 3 potions of heal wounds
 p - 3 potions of curing
 u - 2 potions of ambrosia
 v - 3 potions of cancellation
 z - 2 potions of flight {unknown}
 B - 2 potions of haste {unknown}
Books
 I - a manual of Necromancy


   Skills:
 + Level 11.2 Fighting
 * Level 15.8 Axes
 - Level 3.2 Armour
 - Level 3.2 Shields
 + Level 4.6 Spellcasting
 + Level 10.3 Invocations


You had 19 spell levels left.
You didn't know any spells.
Your spell library contained the following spells:

 Spells                   Type           Power        Failure   Level
 Corona                   Hex            5%           90%         1
 Summon Small Mammal      Summ           20%          90%         1
 Call Imp                 Summ           5%           97%         2
 Ensorcelled Hibernation  Hex/Ice        10%          97%         2
 Poisonous Vapours        Pois/Air       10%          97%         2
 Call Canine Familiar     Summ           5%           99%         3
 Confusing Touch          Hex            5%           99%         3
 Conjure Flame            Conj/Fire      5%           99%         3
 Dazzling Flash           Conj/Hex       10%          99%         3
 Mephitic Cloud           Conj/Pois/Air  5%           99%         3
 Summon Guardian Golem    Hex/Summ       5%           99%         3
 Tukima's Dance           Hex            5%           99%         3
 Summon Ice Beast         Ice/Summ       5%           100%        4
 Summon Lightning Spire   Summ/Air       5%           100%        4
 Bolt of Magma            Conj/Fire/Erth 2%           100%        5
 Iskenderun's Battlesphe  Conj           5%           100%        5
 Freezing Cloud           Conj/Ice/Air   2%           100%        6
 Iron Shot                Conj/Erth      2%           100%        6
 Orb of Destruction       Conj           2%           100%        7
 Spellforged Servitor     Conj/Summ      2%           100%        7


Dungeon Overview and Level Annotations

Branches:
Dungeon (12/15)            Temple (0/1) D:6             Orc (0/2) D:9
Ossuary (visited)
   Lair: D:8-11

Altars:
Ashenzari
Cheibriados
Dithmenos
Kikubaaqudgha
Okawaru
Qazlal
Sif Muna
Xom
Yredelemnul
The Shining One

Shops:
D:6 =   D:10 *?[

Portals:
Trove: D:10 (give 6 scrolls of fog)


Message History

You block the wizard's attack.
You slash the wizard!
The wizard is moderately wounded.
The wizard casts a spell at you. The bolt of cold hits you!!
* * * LOW HITPOINT WARNING * * *
You step out of the flow of time.
You return to the normal time flow.
Cheibriados lowers the support of your attributes as your movement quickens. 3 small abominations and 2 large abominations come into view.
The wizard shouts!
A small abomination comes into view.
The large abomination moves out of view.
You can feel time thicken for a moment.
You destroy the small abomination!
Cheibriados thoroughly appreciates the change of pace.
Cheibriados lowers the support of your attributes as your movement quickens.
A small abomination comes into view.
The wizard gestures at you while chanting.
The bolt of cold hits you!!
You die...

### #..........# #.#
#####..........# #.#
...............# #.#
.###.#..##########.#
...#.##.#x.x#....#.#
.....#### x'....#.#
.....# #X..p#.#
.....# #..x.#.#
.....# #...@#.#
....## #....'.#
.....# #....#.#
.....# #....#.#
.....###############
........[.....#
...####..∩....#
####....#.....#
####.####.#####


You could see a large abomination, a wizard and 4 small abominations.

Vanquished Creatures
  A boulder beetle (D:8)
  A vault guard (D:10)
  Erica (D:10)
  A two-headed ogre (D:7)
  An ugly thing (D:12)
  2 cyclopes
  A komodo dragon (D:11)
  A troll (D:9)
  A small abomination (D:10)
  13 yaks
  A water moccasin (D:8)
  A black bear (D:8)
  7 orc warriors
  4 ice beasts
  13 ogres
  A phantom (D:7)
  3 centaurs
  6 big kobolds
  3 bullfrogs
  2 gnoll sergeants (D:9)
  4 water moccasin zombies
  5 scorpions
  A water moccasin skeleton (D:6)
  4 killer bees (D:10)
  3 vampire bats (D:2)
  A howler monkey (D:4)
  2 bullfrog zombies
  A quasit (D:8)
  A gnoll shaman (D:7)
  4 jellies
  4 orc priests
  2 hounds
  2 bullfrog skeletons
  Crazy Yiuf (D:5)
  9 orc wizards
  Jessica (D:3)
  Terence (D:2)
  6 iguanas
  8 worker ants
  A big kobold zombie (Ossuary)
  A hound skeleton (D:6)
  2 mummies (Ossuary)
  3 worker ant zombies
  Robin (D:3)
  16 gnolls
  9 adders
  4 shadow imps
  3 white imps
  An ufetubus (D:5)
  4 oozes
  3 adder zombies (Ossuary)
  2 adder skeletons
  4 worms
  4 dart slugs
  4 leopard geckos
  38 orcs
  2 bat skeletons (D:2)
  3 bat zombies (D:2)
  4 giant cockroaches
  9 goblins
  8 hobgoblins
  16 jackals
  3 quokkas
  A ball python (D:1)
  4 bats
  10 frilled lizards
  3 gnoll zombies (Ossuary)
  6 hobgoblin zombies (Ossuary)
  9 kobolds
  5 kobold zombies (Ossuary)
  A leopard gecko zombie (D:7)
  10 orc zombies (Ossuary)
  2 quokka skeletons
  3 quokka zombies
  8 rats
331 creatures vanquished.

Vanquished Creatures (others)
  13 plants (D:6)
13 creatures vanquished.

Grand Total: 344 creatures vanquished

Notes
Turn   | Place    | Note
-------+----------+-------------------------------------------
     0 | D:1      | night the Hill Orc Fighter began the quest for the Orb.
     0 | D:1      | Reached XP level 1. HP: 19/19 MP: 1/1
     9 | D:1      | Reached skill level 3 in Axes
    13 | D:1      | Reached XP level 2. HP: 25/27 MP: 2/2
   305 | D:1      | Reached skill level 4 in Axes
   342 | D:1      | Reached XP level 3. HP: 32/33 MP: 3/3
   954 | D:2      | Noticed Terence
   963 | D:2      | Killed Terence
   964 | D:2      | Reached skill level 5 in Axes
   964 | D:2      | Reached XP level 4. HP: 31/41 MP: 4/4
  1475 | D:2      | Reached XP level 5. HP: 34/47 MP: 5/5
  1895 | D:2      | Found an ancient bone altar of Kikubaaqudgha.
  1910 | D:2      | Reached skill level 5 in Fighting
  1910 | D:2      | Reached skill level 6 in Axes
  1911 | D:2      | Reached XP level 6. HP: 39/56 MP: 6/6
  1915 | D:2      | Reached skill level 7 in Axes
  2185 | D:3      | Noticed Jessica
  2198 | D:3      | Killed Jessica
  2675 | D:3      | Found a snail-covered altar of Cheibriados.
  2676 | D:3      | Noticed a torpor snail
  2676 | D:3      | Noticed a torpor snail
  2677 | D:3      | Noticed a torpor snail
  2686 | D:3      | Became a worshipper of Cheibriados the Contemplative
  2722 | D:3      | Reached skill level 8 in Axes
  2722 | D:3      | Reached XP level 7. HP: 40/63 MP: 7/7
  2982 | D:3      | Reached * piety under Cheibriados
  3244 | D:3      | Noticed Robin
  3249 | D:3      | Killed Robin
  3462 | D:4      | Found a sand-covered staircase.
  3469 | Ossuary  | Entered an ossuary
  3501 | Ossuary  | Reached skill level 1 in Invocations
  3542 | Ossuary  | Reached ** piety under Cheibriados
  3735 | Ossuary  | Reached skill level 9 in Axes
  4377 | D:4      | Reached XP level 8. HP: 71/71 MP: 10/10
  4408 | D:4      | Found a stormy altar of Qazlal.
  4439 | D:4      | Reached *** piety under Cheibriados
  4730 | D:5      | Entered Level 5 of the Dungeon
  4895 | D:5      | Reached skill level 10 in Axes
  5286 | D:5      | Found a runed translucent door.
  5287 | D:5      | Noticed Crazy Yiuf
  5292 | D:5      | Killed Crazy Yiuf
  5778 | D:6      | Reached skill level 5 in Invocations
  5860 | D:6      | Reached skill level 11 in Axes
  5913 | D:6      | Reached XP level 9. HP: 68/81 MP: 11/13
  6031 | D:6      | Found Wotethiborch's Jewellery Boutique.
  6251 | D:6      | Noticed an angel
  6342 | D:6      | Reached **** piety under Cheibriados
  6465 | D:6      | Found a staircase to the Ecumenical Temple.
  6488 | D:6      | Noticed a rust devil
  6884 | D:7      | Found a shadowy altar of Dithmenos.
  7140 | D:7      | Found an iron altar of Okawaru.
  7140 | D:7      | Found a shadowy altar of Dithmenos.
  7145 | D:7      | Found a faded altar of an unknown god.
  7149 | D:7      | Found a shimmering blue altar of Sif Muna.
  7154 | D:7      | Found a faded altar of an unknown god.
  7323 | D:7      | Reached skill level 12 in Axes
  7412 | D:8      | Noticed a two-headed ogre
  7419 | D:7      | Killed a two-headed ogre
  7420 | D:7      | Reached skill level 1 in Spellcasting
  7670 | D:8      | Reached XP level 10. HP: 91/91 MP: 15/15
  7670 | D:8      | Noticed a boulder beetle
  7677 | D:8      | Killed a boulder beetle
  7678 | D:8      | Reached skill level 13 in Axes
  7686 | D:8      | Reached ***** piety under Cheibriados
  8560 | D:9      | Found a staircase to the Orcish Mines.
  8564 | D:9      | Reached skill level 10 in Fighting
  8566 | D:9      | Reached skill level 14 in Axes
  8947 | D:9      | Found a glowing golden altar of the Shining One.
  8969 | D:9      | Reached XP level 11. HP: 83/100 MP: 17/17
  9036 | D:9      | You fall into a shaft and drop 3 floors!
  9055 | D:11     | Noticed a cyclops
  9062 | D:12     | Killed a cyclops
  9129 | D:12     | Noticed a white ugly thing
  9140 | D:12     | Killed a white ugly thing
  9330 | D:11     | Noticed a cyclops
  9350 | D:11     | Killed a cyclops
  9351 | D:11     | Reached skill level 15 in Axes
  9629 | D:10     | Entered Level 10 of the Dungeon
  9636 | D:10     | Found Nepriesse's Magic Scroll Boutique.
  9683 | D:10     | Reached skill level 10 in Invocations
  9967 | D:10     | Bought a scroll of fear for 49 gold pieces
 10129 | D:9      | Found a shimmering altar of Xom.
 10130 | D:9      | Found a basalt altar of Yredelemnul.
 10131 | D:9      | Found a broken altar of Ashenzari.
 10443 | D:10     | Found Pibral's Armour Shop.
 10486 | D:10     | Reached ****** piety under Cheibriados
 10570 | D:10     | Noticed Erica
 10573 | D:10     | Killed Erica
 10596 | D:10     | Noticed a vault guard
 10609 | D:10     | Killed a vault guard
 10743 | D:10     | Found a portal to a secret trove of treasure.
 10809 | D:10     | Found Tihaock's Assorted Antiques.
 10812 | D:10     | Bought a papyrus book for 300 gold pieces
 10918 | D:10     | Noticed a wizard
 10924 | D:10     | Killed from afar by a wizard

Illustrated notes

Levels and vault maps discovered:
D:1:      erik_arrival_orb_chamber, layout_basic, st_stairs_6
D:2:      layout_rooms, kennysheep_vampire_church, amethyst_killhole,
          uniq_terence
D:3:      layout_loops_ring, cheibriados_altar_2,
          wander_ebering_terrifying_dragon_lair, uniq_jessica, uniq_robin
D:4:      layout_layer_cave, grunt_qazlal_clouds, enter_ossuary_4
D:5:      layout_basic, kennysheep_dice, uniq_crazy_yiuf_cottage
D:6:      layout_layer_cave, temple_garden, serial_shops, shop
D:7:      layout_basic, chequers_temple_overflow_minitemple,
          grunt_dithmenos_shadows
D:8:      layout_basic, minmay_manual_mail
D:9:      layout_irregular_city, minitemple,
          kennysheep_orc_monster_closet_entryway
D:10:     layout_rooms, enter_trove_5, serial_shops, shop, shop,
          nicolae_shop_window_shopping, laboratory, uniq_erica
D:11:     layout_gridville, david_lair_generic, uniq_grum
D:12:     layout_loops_ring, gammafunk_ghost_spectres

Skill      XL: |  1  2  3  4  5  6  7  8  9 10 11 |
---------------+----------------------------------+-----
Axes           | 3 4 5 6 8 9 11 12 14 15 | 15.8
Fighting       | 4 5 6 8 9 10 11 | 11.2
Invocations    | 2 5 7 9 10 | 10.3
Spellcasting   | 1 3 4 |  4.6
Armour         | |  3.2
Shields        | |  3.2

Action                   |  1- 3 |  4- 6 |  7- 9 | 10-12 || total
-------------------------+-------+-------+-------+-------++-------
Melee: War axe           |    60 |   125 |   362 |   256 ||   803
Throw: Boomerang         |       |       |       |     5 ||     5
       Stone             |       |       |       |     3 ||     3
Invok: Slouch            |       |       |       |     4 ||     4
       Step From Time    |       |       |       |     1 ||     1
  Use: Scroll            |       |       |     2 |    13 ||    15
Armor: Scale mail        |    42 |    93 |    89 |       ||   224
       Plate armour      |       |       |    38 |    69 ||   107
       Chain mail        |       |       |       |     4 ||     4
Dodge: Dodged            |    31 |    50 |    64 |    26 ||   171
Block: Kite shield       |    38 |    95 |   158 |    97 ||   388
